 Dungeon Crawl Stone Soup version 0.24.0-1-gfbc8707122 (webtiles) character file.

Game seed: 1196552531960165125, levelgen mode: classic

249 EnegeticOcto the Skirmisher (level 5, -8/42 HPs)
             Began as a Mummy Warper on Oct 28, 2019.
             Mangled by an orc
             ... wielding a +1 dagger of distortion
              (24 damage)
             ... on level 3 of the Dungeon.
             The game lasted 00:03:56 (2964 turns).

EnegeticOcto the Skirmisher (Mummy Warper)          Turns: 2964, Time: 00:03:56

Health: -8/42      AC: 14    Str: 16    XL:     5   Next: 87%
Magic:  9/9        EV:  5    Int: 12    God:
Gold:   89         SH:  0    Dex: 11    Spells: 9/9 levels left

rFire    x . .     SeeInvis .   a - +0 spear
rCold    + . .     Gourm    .   (no shield)
rNeg     + + +     Faith    .   c - +0 plate armour
rPois    ∞         Spirit   .   m - +0 helmet
rElec    .         Reflect  .   (no cloak)
rCorr    .         Harm     .   (no gloves)
MR       .....                  (no boots)
Stlth    ..........             (no amulet)
HPRegen  0.14/turn              i - +2 ring of protection
MPRegen  0.11/turn              (no ring)

@: about to teleport
A: no food or potions, fire vulnerability, cold resistance 1, negative energy
resistance 3, torment resistance, unbreathing
a: no special abilities


You were on level 3 of the Dungeon.
You were not hungry.

You visited 1 branch of the dungeon, and saw 3 of its levels.

You collected 89 gold pieces.

Inventory:

Hand Weapons
 a - a +0 spear (weapon)
Armour
 c - a +0 plate armour (worn)
 m - a +0 helmet (worn)
Jewellery
 i - a +2 ring of protection (left hand)
Scrolls
 b - a scroll of teleportation {unknown}
 d - a scroll of blinking {@r4}
 f - 3 scrolls of identify {@r1}
 g - 3 scrolls of enchant armour
 h - 5 scrolls of remove curse {@r2}
 j - a scroll of fear {!r}
 k - 2 scrolls of fog {unknown}
 l - a scroll of amnesia {unknown}
 n - a scroll of enchant weapon {unknown}


   Skills:
 + Level 4.2 Fighting
 * Level 3.4 Polearms
 - Level 0.7 Throwing
 + Level 2.1 Armour
 - Level 1.5 Dodging
 - Level 2.6 Spellcasting
   Level 2.4 Translocations


You had 9 spell levels left.
You didn't know any spells.
Your spell library contained the following spells:

 Spells                   Type           Power        Failure   Level  Hunger
 Blink                    Tloc           N/A          100%        2    N/A
 Shroud of Golubria       Chrm/Tloc      #.....       100%        2    N/A
 Gell's Gravitas          Tloc           #.........   100%        3    N/A
 Lesser Beckoning         Tloc           #.........   100%        3    N/A
 Teleport Other           Tloc           #.......     100%        3    N/A
 Passage of Golubria      Tloc           N/A          100%        4    N/A

Dungeon Overview and Level Annotations

Branches:
Dungeon (3/15)

Altars:
Hepliaklqana
Makhleb
Uskayaw


Innate Abilities, Weirdness & Mutations

You do not eat or drink.
Your flesh is vulnerable to fire.
You are immune to poison.
Your flesh is cold resistant. (rC+)
You are immune to negative energy. (rN+++)
You are immune to unholy pain and torment.
You can survive without breathing.


Message History

You hit the orc.
The orc is heavily wounded.
The orc hits you but does no damage.
You closely miss the orc.
The orc is heavily wounded.
You hit the orc but do no damage.
The orc is heavily wounded.
The orc hits you but does no damage.
You hit the orc but do no damage.
The orc is heavily wounded.
The orc hits you but does no damage.
You hit the orc.
The orc is severely wounded.
The orc hits you but does no damage.
You closely miss the orc.
The orc is severely wounded.
The orc wizard is no longer moving quickly.
The orc wizard gestures wildly while chanting.
The orc wizard blinks!
You closely miss the orc.
The orc is severely wounded.
The orc hits you but does no damage.
The orc wizard hits you but does no damage.
You hit the orc wizard.
The orc wizard is severely wounded.
The orc hits you with a +0 mace.
The orc wizard hits you but does no damage.
You hit the orc wizard.
The orc wizard is almost dead.
The orc hits you but does no damage.
The orc wizard casts a spell.
The orc wizard blinks!
The orc throws a boomerang.
The boomerang hits you but does no damage.
The weapon returns to the orc!
The orc throws a boomerang.
The boomerang hits you but does no damage.
The weapon returns to the orc!
The orc throws a boomerang.
The boomerang hits you but does no damage.
The weapon returns to the orc!
The orc wizard hits you but does no damage.
You hit the orc wizard.
You kill the orc wizard!
The orc throws a boomerang.
The boomerang hits you but does no damage.
The orc throws a boomerang.
The boomerang hits you but does no damage.
The weapon returns to the orc!
You hit the orc but do no damage.
The orc is severely wounded.
The orc hits you but does no damage.
You hit the orc but do no damage.
The orc is severely wounded.
You barely miss the orc.
The orc is severely wounded.
The orc completely misses you.
You hit the orc but do no damage.
The orc is severely wounded.
The orc hits you but does no damage.
Your plate armour prevents you from hitting the orc.
The orc is severely wounded.
The orc barely misses you.
You hit the orc.
You kill the orc!
You hit the orc.
The orc is heavily wounded.
The orc hits you with a +0 falchion.
You hit the orc.
You kill the orc!
You closely miss the orc.
The orc is moderately wounded.
The orc hits you but does no damage.
You blink.
Throwing (i - inventory)
e - a boomerang of dispersal (quivered)
Press: ? - help, Shift-Dir - straight line, f - orc
Aim: an orc, wielding a +1 dagger of distortion (moderately wounded)
You throw a boomerang of dispersal.
The boomerang of dispersal barely misses the orc.
Your plate armour prevents you from hitting the orc.
The orc is moderately wounded.
The orc hits you with a +1 dagger of distortion.
Space bends around you.
You hit the orc.
The orc is heavily wounded.
The orc hits you but does no damage. Space warps horribly around you!!
Firing (i - inventory) No suitable missiles.
Press: ? - help, Shift-Dir - straight line, f/p - orc
Aim: an orc, wielding a +1 dagger of distortion (heavily wounded)
Okay, then.
You hit the orc.
The orc is severely wounded.
The orc hits you but does no damage.
You closely miss the orc.
The orc is severely wounded.
The orc hits you but does no damage.
You feel strangely unstable.
You closely miss the orc.
The orc is severely wounded.
The orc hits you but does no damage. Space warps horribly around you!!
Ouch! That really hurt!
You die...

.##########.########.....######
.# #...............#...### .#
#####.>.......o..§#.... .#
##.####.....#...### .# #.#
##.#..##.## # .# #.# ###.......
.# #.#######.......# .#
#o#...........#.# .#
########@#...####.####.. .#
#<.............##.# ###
.########.######%_..._.##
####### ..........# #.........#
....... ########..# #....⌠....#
####### ########..# #.........#
#### #.........######.........
#... #.#######......^.(._...#
###... #.# ########.....###
#.....


You could see an orc.

Vanquished Creatures
  2 orc wizards (D:3)
  Terence (D:2)
  Jessica (D:3)
  Robin (D:3)
  4 adders
  An ooze (D:3)
  A worm (D:2)
  A leopard gecko (D:1)
  9 orcs (D:3)
  2 ball pythons
  6 bats
  4 giant cockroaches
  7 hobgoblins
  2 jackals (D:2)
  10 kobolds
  4 frilled lizards
  14 goblins
  10 rats
80 creatures vanquished.

Notes
Turn   | Place    | Note
-------+----------+-------------------------------------------
     0 | D:1      | EnegeticOcto the Mummy Warper began the quest for the Orb.
     0 | D:1      | Reached XP level 1. HP: 16/16 MP: 4/4
   232 | D:1      | Reached XP level 2. HP: 23/23 MP: 5/5
   381 | D:1      | Reached skill level 3 in Fighting
  1049 | D:2      | Reached XP level 3. HP: 29/29 MP: 7/7
  1299 | D:2      | Reached skill level 1 in Armour
  1710 | D:3      | Noticed Robin
  1745 | D:3      | Killed Robin
  1745 | D:3      | Reached XP level 4. HP: 32/36 MP: 8/8
  2261 | D:3      | Found a hazy altar of Hepliaklqana.
  2272 | D:3      | Found a hide-covered altar of Uskayaw.
  2272 | D:3      | Found a burning altar of Makhleb.
  2375 | D:3      | Reached skill level 4 in Fighting
  2375 | D:3      | Reached XP level 5. HP: 21/42 MP: 9/9
  2634 | D:3      | Noticed Jessica
  2647 | D:3      | Killed Jessica
  2654 | D:3      | Noticed Terence
  2701 | D:2      | Killed Terence
  2964 | D:3      | Mangled by an orc

Levels and vault maps discovered:
D:1:      dpeg_arrival_prison, layout_basic, roderic_lattice_a
D:2:      layout_rooms, chequers_avenue
D:3:      layout_loops_ring, grunt_temple_overflow_open, uniq_robin,
          uniq_jessica, uniq_terence

Skill      XL: |  1  2  3  4  5 |
---------------+----------------+-----
Fighting       | 3 4 |  4.2
Armour         | 1 2 |  2.1
Polearms       | 2 3 |  3.4
Throwing       | |  0.7
Dodging        | |  1.5
Spellcasting   | |  2.6
Translocations | |  2.4

Action                   |  1- 3 |  4- 6 || total
-------------------------+-------+-------++-------
Melee: Spear             |   202 |   247 ||   449
Throw: Boomerang         |       |     5 ||     5
  Use: Scroll            |     4 |       ||     4
Armor: Plate armour      |    89 |   154 ||   243
Dodge: Dodged            |    35 |    46 ||    81
